 Dungeon Crawl Stone Soup version 0.19-a0-212-gd839b17 (webtiles) character file.

231 AlphabetPasta the Charlatan (level 5, -3/22 HPs)
             Began as a Felid Artificer on May 24, 2016.
             Killed by divine providence
             ... invoked by an orc priest
              (9 damage)
             ... on level 4 of the Dungeon.
             The game lasted 00:16:08 (3677 turns).

AlphabetPasta the Charlatan (Felid Artificer)       Turns: 3677, Time: 00:16:09

Health: -3/22      AC:  1    Str:  8    XL:     5   Next: 73%
Magic:  9/9        EV: 21    Int: 14    God:
Gold:   186        SH:  0    Dex: 16    Spells: 0 memorised, 4 levels left
                                        Lives:  0   Deaths: 1

rFire  . . .     SeeInvis +       - Unarmed
rCold  . . .     Gourm    .     (armour unavailable)
rNeg   . . .     Faith    .     (shield unavailable)
rPois  .         Spirit   .     (helmet unavailable)
rElec  .         Dismiss  .     (cloak unavailable)
rCorr  .         Reflect  .     (gloves unavailable)
SustAt .         Harm     .     (boots unavailable)
MR     .....                    (no amulet)
Stlth  +++.......               s - +2 ring of evasion
                                (no ring)

@: quick, not resistant to hostile enchantments, fairly stealthy
A: no armour, no weapons or thrown items, claws 1, fangs 3, see invisible,
carnivore 3, speed 1, shaggy fur 1, slow metabolism 1, sharp paws
a: no special abilities


You were on level 4 of the Dungeon.
You were very full.

You visited 1 branch of the dungeon, and saw 4 of its levels.

You collected 186 gold pieces.

Inventory:

Jewellery
 s - a +2 ring of evasion (right paw)
Wands
 a - a wand of flame (33/48)
 b - a wand of enslavement (12/24)
 c - a wand of random effects (6/48)
Scrolls
 l - 2 scrolls of remove curse
 o - a scroll of recharging
Potions
 e - 2 potions of haste
 j - a potion of might {unknown}
 k - 2 potions of curing {unknown}
 m - a potion of berserk rage {unknown}
 p - a potion of heal wounds {unknown}
Comestibles
 d - 5 meat rations
 f - a beef jerky


   Skills:
 + Level 2.2 Fighting
 + Level 3.9 Dodging
 + Level 4.3 Stealth
 * Level 3.0 Unarmed Combat
 * Level 5.0 Evocations


You had 4 spell levels left.
You didn't know any spells.

Dungeon Overview and Level Annotations

Branches:
Dungeon (4/15)
 Temple: D:4-7

Altars:
Cheibriados
Makhleb
Trog

Shops:
D:4 (


Innate Abilities, Weirdness & Mutations

You cannot wear armour.
You are incapable of wielding weapons or throwing items.
You have sharp claws.
You have razor-sharp teeth.
You have supernaturally acute eyesight. (SInv)
You are carnivorous and can eat meat at any time.
You cover ground quickly.
You are covered in fur. (AC +1)
You have a slow metabolism.
Your sharp claws are effective at attacking unaware monsters.


Message History

An orc comes into view.
It is wielding a hand axe of electrocution.
The orc shouts!
You hear a shout!
The orc moves out of view.
Found a stone staircase leading up.
An orc priest comes into view.
You scratch the orc.
The orc is severely wounded.
The orc completely misses you.
You barely miss the orc. You bite the orc.
The orc is almost dead.
The orc hits you but does no damage.
You are electrocuted!
Ouch! That really hurt!
* * * LOW HITPOINT WARNING * * *
You scratch the orc.
You kill the orc! 2 orcs come into view.
The orc shouts!
The orc priest calls down the wrath of Beogh upon you.
Beogh smites you!
You die...

...##.####.#.##....#
8.....####.#.......#
.###.......#.......#
...#.##########.####
.#.#.# ##.# .#.#.##
#._## ......# #...#
.#.##.# #...#
.#.##.# #..@#
.#.##.# ####...#####
.#..(.#
#........)..# .##...
.<.............# #
#.##
#...?..o....##.# ##.
#####o.....#### ..
..# #.#....# #.# #.#
#.#....# .. #.# #
#..o.#


You could see an orc priest and an orc.

Vanquished Creatures
  A giant frog (D:3)
  A scorpion (D:4)
  A hound (D:3)
  An orc priest (D:3)
  An iguana (D:4)
  Ijyb (D:3)
  An adder (D:3)
  A howler monkey skeleton (D:4)
  An ooze (D:1)
  3 worms
  A dart slug (D:2)
  4 giant geckos
  2 orcs
  2 giant cockroaches
  6 hobgoblins
  3 jackals (D:1)
  A quokka (D:3)
  2 ball pythons
  6 bats
  3 giant newts (D:1)
  13 goblins
  9 kobolds
  8 rats
72 creatures vanquished.

Vanquished Creatures (collateral kills)
  A hobgoblin (D:3)
1 creature vanquished.

Vanquished Creatures (others)
  An orc (D:3)
1 creature vanquished.

Grand Total: 74 creatures vanquished

Notes
Turn   | Place    | Note
--------------------------------------------------------------
     0 | D:1      | AlphabetPasta the Felid Artificer began the quest for the Orb.
     0 | D:1      | Reached XP level 1. HP: 9/9 MP: 4/4
   458 | D:1      | Reached XP level 2. HP: 5/12 MP: 5/5
  1457 | D:2      | Reached XP level 3. HP: 15/15 MP: 6/6
  1751 | D:2      | Found a snail-covered altar of Cheibriados.
  1837 | D:2      | Reached skill level 4 in Evocations
  2069 | D:3      | Reached XP level 4. HP: 16/19 MP: 8/8
  2126 | D:3      | Found a bloodstained altar of Trog.
  2244 | D:3      | Noticed Ijyb
  2296 | D:3      | Killed Ijyb
  2676 | D:3      | Reached XP level 5. HP: 22/22 MP: 9/9
  3165 | D:3      | HP: 1/22 [giant frog (8)]
  3166 | D:3      | Slain by a giant frog
  3167 | D:3      | Reached XP level 4. HP: -1/19 MP: 8/8
  3253 | D:3      | Killed a giant frog
  3272 | D:3      | Reached XP level 5. HP: 18/22 MP: 9/9
  3478 | D:4      | Upgraded the game from 0.19-a0-202-g14e7ced to 0.19-a0-212-gd839b17
  3491 | D:4      | Found Asausami's Weapon Shoppe.
  3660 | D:4      | Found a burning altar of Makhleb.
  3668 | D:4      | Reached skill level 5 in Evocations
  3677 | D:4      | Killed from afar by an orc priest

Vault maps used:
D:1:      dpeg_arrival_rooms_c
D:2:      kennysheep_slug_shrine, first_bread
D:3:      kennysheep_the_goblin_king, old_standard_altar, grunt_ministairs_4
D:4:      overflow_temple_1_default, serial_shops, nicolae_shop_statue_plus,
          uniq_sigmund

Skill      XL: |  1  2  3  4  5 |
---------------+----------------+-----
Stealth        | 2 3 4 |  4.3
Dodging        | 3 |  3.9
Evocations     | 4 5 |  5.0
Unarmed Combat | 2 3 |  3.0
Fighting       | 2 |  2.2

Action                   |  1- 3 |  4- 6 || total
-------------------------+-------+-------++-------
Melee: Unarmed           |   100 |   114 ||   214
       Bite              |    11 |     6 ||    17
Evoke: Wand              |     9 |    14 ||    23
  Use: Scroll            |       |     6 ||     6
       Potion            |       |     1 ||     1
 Stab: Sleeping          |     7 |     3 ||    10
       Paralysed         |       |     3 ||     3
  Eat: Chunk             |     9 |     8 ||    17
Armor: Skin              |       |     7 ||     7
Dodge: Dodged            |    65 |    73 ||   138
